 Dungeon Crawl Stone Soup version 0.29-a0-334-gb41bcbb86e (webtiles) character file.

Game seed: 6871496534775730760

11504 rageheart7 the Warrior (level 11, -2/132 HPs)
             Began as an Ogre Berserker on Apr 16, 2022.
             Was an Elder of Trog.
             Killed from afar by an ice statue (22 damage)
             ... with a bolt of cold
             ... in an ice cave.
             The game lasted 00:17:45 (13973 turns).

rageheart7 the Warrior (Ogre Berserker)            Turns: 13973, Time: 00:17:47

Health: -2/132     AC: 12    Str: 37    XL:     11   Next: 78%
Magic:  11/11      EV: 12    Int: 12    God:    Trog [****..]
Gold:   966        SH:  0    Dex: 12    Spells: 10/10 levels left

rFire   . . .      SeeInvis .   w - +3 flail
rCold   . . .      Faith    .   (no shield)
rNeg    . . .      Spirit   .   a - +4 robe of Augmentation {Str+4 Int+4 Dex+4}
rPois   +          Reflect  .   C - +1 hat
rElec   .          Harm     .   (no cloak)
rCorr   .          Rampage  .   (gloves unavailable)
Will    +++..                   (boots unavailable)
Stlth   +.........              (no amulet)
HPRegen 1.32/turn               l - ring of poison resistance
MPRegen 0.12/turn               r - +6 ring of strength

@: strong-willed (expiring), on berserk cooldown, regenerating (expiring),
slowed, very slow
A: large, unfitting armour, tough skin 1, iridescent scales 2
a: Renounce Religion, Berserk, Trog's Hand, Brothers in Arms


You were in an ice cave.
You worshipped Trog.
Trog was greatly pleased with you.
You visited 1 branch of the dungeon, and saw 11 of its levels.
You also visited: Ice Cave.

You collected 966 gold pieces.

Inventory:

Hand Weapons
 i - a +0 giant club of flaming
 j - a +0 morningstar
 w - a +3 flail (weapon)
Missiles
 d - 4 silver boomerangs (quivered)
 p - 3 throwing nets
 D - 5 silver javelins
 H - 2 curare-tipped darts
Armour
 a - the +4 robe of Augmentation (worn) {Str+4 Int+4 Dex+4}
   (You found it on level 3 of the Dungeon)

   Str:       It affects your strength (+4).
   Int:       It affects your intelligence (+4).
   Dex:       It affects your dexterity (+4).
 g - +1 swamp dragon scales
 u - +0 acid dragon scales
 C - a +1 hat (worn)
Jewellery
 l - a ring of poison resistance (left hand)
 r - a +6 ring of strength (right hand)
 x - a +6 ring of dexterity
 y - a ring of willpower
Wands
 n - a wand of acid (4)
 B - a wand of paralysis (4)
 E - a wand of polymorph (2)
Scrolls
 e - 6 scrolls of teleportation
 f - a scroll of fear
 h - 3 scrolls of holy word
 s - a scroll of magic mapping
 t - a scroll of blinking
 z - a scroll of fog
 J - a scroll of enchant armour
Potions
 b - 2 potions of lignification
 c - 4 potions of flight
 k - 2 potions of berserk rage
 m - 2 potions of haste
 o - 2 potions of attraction
 q - a potion of mutation
 v - a potion of magic
 A - a potion of might
 I - a potion of cancellation


   Skills:
 - Level 15.0 Fighting
 * Level 11.3 Maces & Flails
 + Level 8.3 Dodging


You had 10 spell levels left.
You didn't know any spells.
Your spell library was empty.

Dungeon Overview and Level Annotations

Branches:
Dungeon (11/15)            Temple (0/1) D:4            Lair (0/6) D:10
    Orc (0/2) D:11          IceCv (1/1)

Altars:
Cheibriados
Dithmenos
Gozag
Kikubaaqudgha
Makhleb
Okawaru
Ru
Trog
Xom
Yredelemnul
Zin

Shops:
D:7 **   D:10 ((

Annotations:
IceCv exclusion: ice statue


Innate Abilities, Weirdness & Mutations

You are too large for most types of armour.
You have tough skin. (AC +1)
You are mostly covered in iridescent scales. (AC +4)


Message History

You are engulfed in freezing vapours.
You feel a strong urge to attack something.
You are engulfed in freezing vapours.
The ice statue glitters chillingly in the dim dungeon light.
You are engulfed in freezing vapours.
Found a translucent hand crossbow.
You feel your anger nearly subside. The ice statue gestures at you.
The freezing blast engulfs you!!
You are engulfed in freezing vapours.
You are no longer berserk.
You are exhausted.
You feel yourself slow down.
You barely miss the ice statue.
You are engulfed in freezing vapours.
You hit the ice statue.
The ice statue is lightly damaged.
You are engulfed in freezing vapours.
The ice statue gestures at you. The shard of ice hits you!
* * * LOW HITPOINT WARNING * * *
You hit the ice statue.
The ice statue is lightly damaged.
The ice statue gestures.
You hit the ice statue but do no damage.
The ice statue is lightly damaged.
Okay, then.
You hit the ice statue.
The ice statue is lightly damaged.
The ice statue glitters chillingly in the dim dungeon light.
The ice statue gestures at you. The shard of ice hits you!!
* * * LOW HITPOINT WARNING * * *
The ice beast barely misses you.
Blink to where?
Press: ? - help, Dir - move target
As you read the scroll of blinking, it crumbles to dust.
You feel the effects of Trog's Hand fading.
The ice statue gestures at you. The bolt of cold hits you!!
You die...

.#) ##...##..# ###.#
###÷..##...#
#...####...####..##
#Y8.##...####..#####
#§..##..###..#.##.##
#..###..##....#..#.#
#..####..##.§##.#.##
##..#......#..##.#[#
##.@.)#.####..#####
######## ##.## #..##
##...# #...## ##...#
#...# ####.∩.#
..##≈≈##..##


You could see an ice statue and an ice beast (summoned).

Vanquished Creatures
  Sonja (D:10)
  Joseph (D:7)
  The ghost of sirJeffrey23 the Insei, a novice DsMo (D:5)
  A gargoyle (D:8)
  Maggie (D:7)
  Prince Ribbit (D:8)
  2 wyverns
  26 yaks
  A water moccasin (D:4)
  2 acid dragons
  6 ice beasts
  8 orc warriors
  3 sky beasts
  3 black bears
  2 ogres (D:6)
  4 centaurs
  5 wolves (IceCv)
  A phantom (D:4)
  3 bullfrogs
  2 kobold brigands
  Blork the orc (D:5)
  2 scorpions (D:5)
  10 wights
  A wyvern skeleton (D:5)
  2 howler monkeys
  10 orc priests
  2 gnoll shamans (D:8)
  3 hounds
  2 jellies
  Jessica (D:3)
  Terence (D:2)
  3 iguanas
  16 orc wizards
  Robin (D:2)
  A howler monkey skeleton (D:5)
  8 adders
  2 white imps
  3 worms
  37 orcs
  6 ball pythons
  7 bats
  9 endoplasms
  3 giant cockroaches (D:1)
  11 goblins
  10 hobgoblins
  5 jackals
  2 quokkas
  4 frilled lizards
  11 kobolds
  3 rats
251 creatures vanquished.

Vanquished Creatures (others)
  An orc wizard (D:8)
1 creature vanquished.

Grand Total: 252 creatures vanquished

Notes
Turn   | Place    | Note
-------+----------+-------------------------------------------
     0 | D:1      | rageheart7 the Ogre Berserker began the quest for the Orb.
     0 | D:1      | Reached XP level 1. HP: 24/24 MP: 1/1
   316 | D:1      | Reached XP level 2. HP: 22/33 MP: 2/2
  1025 | D:1      | Reached skill level 5 in Fighting
  1026 | D:1      | Reached XP level 3. HP: 33/42 MP: 3/3
  1761 | D:2      | Reached ** piety under Trog
  1907 | D:2      | Noticed Terence
  1920 | D:2      | Killed Terence
  1921 | D:2      | Reached XP level 4. HP: 20/52 MP: 4/4
  2308 | D:2      | Noticed Robin
  2372 | D:2      | Reached skill level 6 in Fighting
  2375 | D:2      | Killed Robin
  2693 | D:2      | Found a faded altar of an unknown god.
  2890 | D:3      | Noticed Jessica
  2897 | D:3      | Killed Jessica
  2898 | D:3      | Reached XP level 5. HP: 57/61 MP: 5/5
  2936 | D:3      | Noticed an ice beast
  2944 | D:3      | Killed an ice beast
  2945 | D:3      | Reached skill level 7 in Fighting
  2948 | D:3      | Reached XP level 6. HP: 71/71 MP: 6/6
  3473 | D:3      | Gained mutation: Your body sometimes deteriorates upon
                  | taking damage. [potion of mutation]
  3473 | D:3      | Gained mutation: Your flesh is cold resistant. (rC+)
                  | [potion of mutation]
  3674 | D:3      | Found the +4 robe of Augmentation {Str+4 Int+4 Dex+4}
  4051 | D:4      | Found a staircase to the Ecumenical Temple.
  4187 | D:4      | Noticed a water moccasin
  4200 | D:4      | Killed a water moccasin
  4201 | D:4      | Reached skill level 8 in Fighting
  4447 | D:4      | Reached XP level 7. HP: 79/81 MP: 7/7
  4754 | D:4      | Reached skill level 9 in Fighting
  4944 | D:4      | Identified the +6 shortbow of Impeachment {venom, rElec
                  | rPois rF- Will+}
  5239 | D:5      | Entered Level 5 of the Dungeon
  5264 | D:5      | Found a snail-covered altar of Cheibriados.
  5303 | D:5      | Found a transporter.
  5308 | D:5      | Noticed sirJeffrey23's ghost (novice DsMo)
  5363 | D:5      | Reached skill level 5 in Maces & Flails
  5511 | D:5      | Reached skill level 10 in Fighting
  5596 | D:5      | Reached XP level 8. HP: 93/93 MP: 8/8
  5880 | D:5      | Noticed Blork the orc
  5889 | D:5      | Killed Blork the orc
  5890 | D:5      | Reached skill level 11 in Fighting
  6166 | D:5      | Found a transporter.
  6634 | D:6      | Reached skill level 12 in Fighting
  6880 | D:6      | Reached XP level 9. HP: 107/107 MP: 9/9
  6966 | D:6      | Reached *** piety under Trog
  6976 | D:6      | Lost mutation: Your flesh is cold resistant. (rC+) [potion
                  | of mutation]
  6976 | D:6      | Lost mutation: Your body sometimes deteriorates upon taking
                  | damage. [potion of mutation]
  6976 | D:6      | Gained mutation: You are partially covered in iridescent
                  | scales. (AC +2) [potion of mutation]
  6976 | D:6      | Gained mutation: You are mostly covered in iridescent
                  | scales. (AC +4) [potion of mutation]
  7057 | D:6      | Reached skill level 13 in Fighting
  7777 | D:7      | Found Mosehaew's Lightly-Used Armoury.
  8063 | D:7      | Noticed Maggie
  8076 | D:7      | Killed Maggie
  8077 | D:7      | Reached skill level 14 in Fighting
  8155 | D:7      | Identified the +1 dagger "Ejakk" {pain, rElec rF+ rN+
                  | Str+3}
  8354 | D:7      | Noticed Joseph
  8944 | D:7      | Killed Joseph
  9125 | D:7      | Found Zufeoh's Gadget Gallery.
  9260 | D:8      | Reached XP level 10. HP: 109/123 MP: 10/10
  9266 | D:8      | Reached skill level 15 in Fighting
  9450 | D:5      | Killed sirJeffrey23's ghost
  9683 | D:8      | Noticed Prince Ribbit
  9689 | D:8      | Killed Prince Ribbit
  9705 | D:8      | Found a bloodstained altar of Trog.
  9842 | D:8      | Found a burning altar of Makhleb.
  9941 | D:8      | Noticed a gargoyle
  9949 | D:8      | Killed a gargoyle
  9974 | D:8      | Reached skill level 5 in Dodging
 10617 | D:9      | Found an opulent altar of Gozag.
 10974 | D:9      | Reached **** piety under Trog
 11170 | D:9      | Reached XP level 11. HP: 115/127 MP: 11/11
 11187 | D:9      | Reached skill level 10 in Maces & Flails
 11436 | D:9      | Found a large runed translucent door.
 11437 | D:9      | Found a large runed translucent door.
 11836 | D:9      | Found an iron altar of Okawaru.
 11845 | D:9      | Found a sacrificial altar of Ru.
 11922 | D:9      | Found a shimmering altar of Xom.
 11924 | D:9      | Found an ancient bone altar of Kikubaaqudgha.
 11924 | D:9      | Found a shadowy altar of Dithmenos.
 11956 | D:9      | Found a basalt altar of Yredelemnul.
 12027 | D:9      | Found a glowing silver altar of Zin.
 12061 | D:10     | Entered Level 10 of the Dungeon
 12474 | D:10     | Noticed Sonja
 12486 | D:10     | Killed Sonja
 12997 | D:10     | Found Lyitrocw's Antique Weapon Emporium.
 13143 | D:10     | Found Nonali's Weapon Shoppe.
 13191 | D:10     | Found a staircase to the Lair.
 13401 | D:11     | Noticed a boulder beetle
 13402 | D:11     | Noticed a seven-headed hydra
 13404 | D:11     | Noticed a two-headed ogre
 13439 | D:11     | Noticed a seven-headed hydra
 13459 | D:11     | Found a frozen archway.
 13465 | IceCv    | Entered an ice cave
 13973 | IceCv    | Killed from afar by an ice statue

Illustrated notes

Levels and vault maps discovered:
D:1:      tarquinn_simple_flora_water_b, layout_loops_ring,
          serial_co_window_serial, co_window_paths_a, co_window_paths_a,
          co_window_paths_b, co_window_paths_a, co_window_paths_a,
          co_window_paths_a, co_window_corner_a, co_window_paths_a,
          co_window_corner_a, co_window_corner_cb, co_window_corner_ca,
          co_window_broadway_b, co_window_cross_4, co_window_of_opportunity_b,
          co_window_of_opportunity_b, co_window_paths_d, glass_columns_b,
          glass_columns_c, glass_columns_a, glass_columns_a
D:2:      layout_rooms, serial_corexii_hall, chequers_hall_statues_y,
          corexii_hall_statues_x, nicolae_ecumenical_oubliette, uniq_robin,
          uniq_terence
D:3:      layout_basic, uniq_jessica
D:4:      layout_layer_cave, minmay_temple_entry_stoned_glass
D:5:      layout_loops_ring, old_standard_altar, gammafunk_ghost_mausoleum,
          uniq_blork_the_orc
D:6:      layout_loops_ring
D:7:      nicolae_cairo_tiling_large_dashed, layout_rooms, minivault_25,
          minmay_shop_damaged, nicolae_shop_gadgets, uniq_maggie, uniq_joseph
D:8:      minmay_polygon_palace, layout_basic, trog_three_pillars_becter,
          lightli_temple_of_fire, chequers_serial_rivers_micro_a,
          uniq_prince_ribbit1
D:9:      layout_loops_ring, amethyst_overflow_temple_binary,
          nicolae_gozag_seed_capital, jmf_multi_god_temple2,
          gammafunk_temple_overflow_claw
D:10:     layout_roguey, lair_entry_dummy, serial_shops, shop, shop_statue,
          uniq_sonja
D:11:     nicolae_cairo_tiling_very_big, layout_long_grid, orc_0_dummy,
          portal_ice_cave_entry_pillars_2, minmay_checkerbox
IceCv:    ice_cave_caverns_02

Skill      XL: |  1  2  3  4  5  6  7  8  9 10 11 |
---------------+----------------------------------+-----
Maces & Flails | 3 4 5 6 7 9 11 | 11.3
Fighting       | 5 6 7 8 10 12 14 15 | 15.0
Dodging        | 6 8 |  8.3

Action                   |  1- 3 |  4- 6 |  7- 9 | 10-12 || total
-------------------------+-------+-------+-------+-------++-------
Melee: Mace              |   110 |    93 |       |       ||   203
       Flail             |       |    43 |   338 |   223 ||   604
       Punch             |       |       |     5 |     8 ||    13
       Morningstar       |       |       |    16 |   136 ||   152
Throw: Boomerang         |       |       |     1 |       ||     1
Invok: Berserk           |     2 |     4 |     4 |     5 ||    15
       Trog's Hand       |       |     1 |     1 |     4 ||     6
  Use: Potion            |       |     2 |     2 |     2 ||     6
       Scroll            |       |     6 |    11 |    10 ||    27
 Stab: Sleeping          |     1 |       |     2 |     2 ||     5
Armor: Animal skin       |    38 |    46 |       |       ||    84
       Robe              |       |     8 |   158 |   133 ||   299
Dodge: Dodged            |    71 |    78 |   200 |   186 ||   535

Table legend: (Time is in decaauts)
 A = Elapsed time spent in this place.
 B = Non-inter-level travel time spent in this place.
 C = Inter-level travel time spent in this place.
 D = Time resting spent in this place.
 E = Time spent auto-exploring this place.
 F = Levels seen in this place.
 G = Mean time per level.
                   A        B        C        D        E       F      G
               +--------+--------+--------+--------+--------+-----+--------+
         Total |  14168 |  13639 |    529 |     34 |  11302 |  12 | 1180.7 |
       Dungeon |  13667 |  13138 |    529 |     34 |  10885 |  11 | 1242.5 |
      Ice Cave |    501 |    501 |      0 |      0 |    417 |   1 |  501.0 |
               +--------+--------+--------+--------+--------+-----+--------+

Top non-repeatable levels by time:
     D:6: 2097 daAuts
     D:1: 1733 daAuts
     D:9: 1513 daAuts
    D:10: 1328 daAuts
     D:4: 1323 daAuts
     D:5: 1272 daAuts
     D:2: 1147 daAuts
     D:3: 1143 daAuts
     D:7: 1043 daAuts
     D:8: 995 daAuts
   IceCv: 501 daAuts
    D:11: 66 daAuts
